 Dungeon Crawl Stone Soup version 0.16.0-17-g811c1d7 (webtiles) character file.

15096 timbw the Black Belt (level 11, -5/126 HPs)
             Began as a Vampire Arcane Marksman on Mar 20, 2015.
             Slain by a minotaur skeleton (12 damage)
             ... in a volcano.
             The game lasted 00:19:52 (8975 turns).

timbw the Black Belt (Vampire Arcane Marksman)      Turns: 8975, Time: 00:19:52

Health: -5/126     AC:  6    Str: 15    XL:     11   Next: 97%
Magic:  18/18      EV: 17    Int: 15    God:
Gold:   484        SH:  5    Dex: 16    Spells: 1 memorised, 11 levels left

rFire  + . .     SeeInvis +       - Unarmed
rCold  . . .     Clarity  .     I - +0 leather armour {rF+}
rNeg   + . .     SustAb   +     m - +2 buckler {rN+}
rPois  .         Gourm    .     (no helmet)
rElec  .         Spirit   .     (no cloak)
rCorr  .         Warding  .     (no gloves)
rMut   .         Stasis   .     D - +2 pair of boots {Stlth+}
MR     +....                    L - amulet of rage
Stlth  ..........               s - ring of flight
                                j - ring of sustain abilities

@: berserking, regenerating quickly, very quick, somewhat resistant to hostile
enchantments, extremely unstealthy
A: bottle blood, fangs 3, see invisible, unbreathing
a: Evoke Berserk Rage, Evoke Flight


You were in a volcano.
You were very full.

You visited 2 branches of the dungeon, and saw 15 of its levels.
You also visited: Volcano.

You collected 484 gold pieces.

Inventory:

Hand weapons
 B - a cursed +0 blowgun
Missiles
 b - 8 javelins (quivered)
 c - a throwing net
 v - 11 poisoned needles
 A - 4 tomahawks
Armour
 a - a +0 robe
 e - a +0 robe of cold resistance
 m - a +2 buckler of positive energy (worn)
 y - a +0 ring mail
 z - a cursed +2 ring mail of magic resistance
 D - a +2 pair of boots of stealth (worn)
 I - a +0 leather armour of fire resistance (worn)
Jewellery
 j - a ring of sustain abilities (left hand)
 s - a ring of flight (right hand)
 L - an amulet of rage (around neck)
Magical devices
 f - a wand of digging (9)
 o - a wand of random effects (0)
 x - a wand of magic darts (23)
 H - a wand of draining (4)
 J - a wand of lightning (8)
 P - a wand of frost (25)
Scrolls
 h - 2 scrolls of immolation
 k - 4 scrolls of remove curse
 l - 3 scrolls of identify
 p - 2 scrolls of recharging
 t - 3 scrolls of amnesia
 w - 2 scrolls of enchant armour
 E - a scroll of blinking
 F - 3 scrolls of teleportation
 O - a scroll of random uselessness {unknown}
Potions
 g - 2 potions of brilliance
 i - a potion of restore abilities {unknown}
 n - 3 potions of poison
 q - 4 potions of curing
 r - 2 potions of haste
 u - a potion of agility
 C - a potion of might {unknown}
 K - a potion of cure mutation {unknown}
 M - a potion of heal wounds {unknown}
Books
 d - a book of Debilitation

   Spells                             Type                      Level
   a - Corona                         Hexes                        1
   b - Slow                           Hexes                        2
   c - Inner Flame                    Hexes/Fire                   3
   d - Enslavement                    Hexes                        4
   e - Cause Fear                     Hexes                        4
   f - Leda's Liquefaction            Hexes/Earth                  4
 G - a book of Unlife

   Spells                             Type                      Level
   a - Recall                         Summoning/Translocation      3
   b - Animate Dead                   Necromancy                   4
   c - Control Undead                 Necromancy                   4
   d - Cigotuvi's Embrace             Necromancy                   5
   e - Death Channel                  Necromancy                   6
   f - Simulacrum                     Ice/Necromancy               6
 N - a book of Control

   Spells                             Type                      Level
   a - Control Teleport               Charms/Translocation         4
   b - Control Undead                 Necromancy                   4
   c - Enslavement                    Hexes                        4
   d - Metabolic Englaciation         Hexes/Ice                    5
   e - Mass Confusion                 Hexes                        6


   Skills:
 + Level 7.5 Fighting
 - Level 1.5 Throwing
 + Level 9.3 Dodging
 * Level 15.5 Unarmed Combat
 - Level 1.0 Spellcasting
 - Level 4.4 Hexes
 + Level 4.5 Evocations


You had 11 spell levels left.
You knew the following spells:

 Your Spells              Type           Power        Failure   Level  Hunger
a - Corona                Hex            ##.....      10%         1    ##.....


Dungeon Overview and Level Annotations

Branches:
Dungeon (11/15)              Lair (5/8) D:11          Snake (0/5) Lair:5
    Orc (0/4) D:10
 Temple: D:4-7        Swamp: Lair:3-6    Shoals: Lair:3-6

Altars:
Fedhas
Makhleb
Vehumet
Xom
Zin

Shops:
D:7 (   D:10 (

Annotations:
D:10 exclusion: hill giant
D:11 Fannar


Innate Abilities, Weirdness & Mutations

Your natural rate of healing is unusually fast.
You can bottle blood from corpses.
You have razor-sharp teeth.
You have supernaturally acute eyesight.
You can survive without breathing.


Message History

You punch the sphinx skeleton!! The sphinx skeleton hits you!!
The sphinx skeleton barely misses you. You block the sphinx skeleton's attack.
You punch the sphinx skeleton!! The sphinx skeleton barely misses you.
The sphinx skeleton hits you! You block the sphinx skeleton's attack.
You pummel the sphinx skeleton!!!
You destroy the sphinx skeleton!
You block the minotaur skeleton's attack.
The minotaur skeleton misses you.
You punch the minotaur skeleton!! The minotaur skeleton hits you!
* * * LOW HITPOINT WARNING * * *
The minotaur skeleton gores you.
* * * LOW HITPOINT WARNING * * *
You are too injured to fight recklessly!
Use which ability? (? or * to list)
A red film seems to cover your vision as you go berserk!
You feel yourself moving faster!
You feel mighty!
You punch the minotaur skeleton!! The minotaur skeleton hits you!!
* * * LOW HITPOINT WARNING * * *
The minotaur skeleton gores you!
You die...

$$$ #...# ##§§ .. #...#
###≈≈§ .. #...# ###§§§§≈ #.
#.### ##§≈§§§§§ #. #.#
##§≈≈≈≈§§≈ ##.##.##
##≈≈§≈≈≈§≈§ .#####......###
#.≈≈≈≈§≈≈≈§
.......M..Z...####...§§§≈≈≈≈
.#####.#..#@####≈..§§.§§≈§§≈
#......'......≈§≈§§§§≈≈
#.#..#.####≈..§§≈§≈≈≈≈≈
.......... ###...§..≈.≈≈
###......### ###.......≈
###.∩.## ###.....§ #...#
###.... ##### ##.. #


You could see a mummy and a minotaur skeleton.

Vanquished Creatures
  2 hydras
  A sphinx skeleton (Volcano)
  3 black mambas
  3 spiny frogs
  3 komodo dragons
  A troll (D:9)
  A two-headed ogre (D:10)
  4 blink frogs
  A flying skull (Volcano)
  2 basilisks
  20 yaks
  3 hungry ghosts
  3 hippogriffs
  2 deep elf magi (D:11)
  A hill giant skeleton (Volcano)
  3 nagas (Lair:5)
  A merfolk skeleton (Volcano)
  A water moccasin (D:7)
  3 orc warriors
  A black bear (D:10)
  5 porcupines
  3 sky beasts (D:10)
  A centaur (D:9)
  6 ogres
  A phantom (D:8)
  4 crocodiles
  A big kobold (D:9)
  6 giant frogs
  4 scorpions
  4 killer bees (D:9)
  A troll skeleton (Volcano)
  A goliath beetle (D:10)
  3 orc priests
  3 orc wizards
  12 hounds
  3 crimson imps
  5 iguanas
  4 worker ants
  3 killer bee zombies (D:10)
  4 sheep (Lair:5)
  An ogre skeleton (Volcano)
  A naga skeleton (Volcano)
  A hound skeleton (D:4)
  2 mummies (Volcano)
  A gnoll (D:1)
  17 river rats
  10 adders
  A giant mite (D:1)
  A shadow imp (D:8)
  An adder skeleton (D:4)
  3 giant geckos
  18 orcs
  6 bats
  2 bat skeletons
  A giant cockroach (D:3)
  5 goblins
  11 hobgoblins
  6 jackals
  13 kobolds
  4 giant newts
  7 quokkas
  A quokka skeleton (D:8)
  6 rats
  A fungus (Lair:5)
  2 toadstools (D:1)
255 creatures vanquished.

Vanquished Creatures (others)
  A spiny frog (Lair:5)
  A water moccasin (Lair:5)
  A giant frog (Lair:5)
  2 toadstools (D:1)
5 creatures vanquished.

Grand Total: 260 creatures vanquished

Notes
Turn   | Place    | Note
--------------------------------------------------------------
     0 | D:1      | timbw, the Vampire Arcane Marksman, began the quest for the Orb.
     0 | D:1      | Reached XP level 1. HP: 14/14 MP: 2/2
    53 | D:1      | Reached skill level 1 in Unarmed Combat
    53 | D:1      | Reached XP level 2. HP: 5/20 MP: 3/3
   475 | D:2      | Found a radiant altar of Vehumet.
   820 | D:3      | Reached XP level 3. HP: 13/25 MP: 4/4
  1267 | D:4      | Reached XP level 4. HP: 11/31 MP: 5/5
  1396 | D:4      | Noticed an ogre
  1409 | D:4      | Killed an ogre
  1409 | D:4      | Reached skill level 5 in Unarmed Combat
  1409 | D:4      | Reached XP level 5. HP: 32/36 MP: 7/7
  1483 | D:4      | Noticed an ogre
  1484 | D:4      | Reached skill level 6 in Unarmed Combat
  1497 | D:4      | Killed an ogre
  1497 | D:4      | Reached XP level 6. HP: 26/42 MP: 8/8
  1691 | D:4      | Found a glowing silver altar of Zin.
  1772 | D:4      | Reached skill level 7 in Unarmed Combat
  2102 | D:5      | Entered Level 5 of the Dungeon
  2208 | D:6      | Found a shimmering altar of Xom.
  2217 | D:6      | Noticed a wyvern
  2257 | D:7      | Noticed a water moccasin
  2268 | D:7      | Killed a water moccasin
  2403 | D:7      | Reached skill level 8 in Unarmed Combat
  2403 | D:7      | Reached XP level 7. HP: 40/47 MP: 9/9
  2433 | D:7      | Found Qesaid's Weapon Boutique.
  2702 | D:8      | Noticed a boulder beetle
  2811 | D:8      | Reached skill level 9 in Unarmed Combat
  2994 | D:8      | Reached skill level 10 in Unarmed Combat
  2994 | D:8      | Reached XP level 8. HP: 6/53 MP: 10/10
  3446 | D:8      | Reached skill level 1 in Fighting
  3524 | D:8      | Found a burning altar of Makhleb.
  3901 | D:9      | Found a blossoming altar of Fedhas.
  3918 | D:9      | Noticed a troll
  3928 | D:9      | Reached skill level 11 in Unarmed Combat
  3934 | D:9      | Killed a troll
  4026 | D:9      | Reached XP level 9. HP: 46/62 MP: 11/11
  4530 | D:10     | Entered Level 10 of the Dungeon
  4604 | D:10     | Reached skill level 5 in Dodging
  4604 | D:10     | Reached skill level 12 in Unarmed Combat
  4632 | D:11     | Noticed Fannar
  5054 | D:10     | Found a staircase to the Orcish Mines.
  5140 | D:10     | Reached XP level 10. HP: 43/73 MP: 13/13
  5279 | D:10     | Found Maseecewk's Weapon Shop.
  5354 | D:10     | Reached skill level 13 in Unarmed Combat
  5359 | D:10     | Reached skill level 5 in Fighting
  5596 | D:10     | Noticed a hill giant
  5804 | D:11     | Noticed a hill giant
  5903 | D:11     | Noticed a komodo dragon
  6009 | D:11     | Found a staircase to the Lair.
  6114 | Lair:1   | Entered Level 1 of the Lair of Beasts
  6267 | Lair:1   | Noticed a six-headed hydra
  6455 | Lair:1   | Reached skill level 14 in Unarmed Combat
  6636 | Lair:1   | Killed a six-headed hydra
  6636 | Lair:1   | Reached skill level 1 in Evocations
  6700 | Lair:1   | Reached XP level 11. HP: 63/81 MP: 14/14
  7221 | Lair:2   | Found a radiant altar of Vehumet.
  7296 | Lair:2   | Noticed a black mamba
  7305 | Lair:2   | Killed a black mamba
  7490 | Lair:2   | Noticed a black mamba
  7498 | Lair:2   | Killed a black mamba
  8103 | Lair:3   | Reached skill level 15 in Unarmed Combat
  8231 | Lair:3   | You fall through a shaft for 2 floors!
  8258 | Lair:5   | Noticed a five-headed hydra
  8290 | Lair:5   | Killed a five-headed hydra
  8629 | Lair:5   | Found a staircase to the Snake Pit.
  8695 | Lair:5   | Found a dark tunnel.
  8698 | Lair:5   | Noticed a lindwurm
  8705 | Volcano  | Entered a volcano
  8975 | Volcano  | Slain by a minotaur skeleton

Action                   |  1- 3 |  4- 6 |  7- 9 | 10-12 || total
-------------------------+-------+-------+-------+-------++-------
Melee: Unarmed           |   103 |    73 |   319 |   374 ||   869
 Fire: Blowgun           |       |       |     8 |       ||     8
Throw: Javelin           |     4 |     7 |     1 |     7 ||    19
       Throwing net      |     1 |     1 |     6 |       ||     8
 Abil: Evoke Berserk Rag |       |       |       |     6 ||     6
       Evoke Flight      |       |       |       |     1 ||     1
Evoke: Wand              |       |     3 |       |       ||     3
  Use: Potion            |     2 |       |     4 |       ||     6
       Scroll            |       |       |    15 |     2 ||    17
 Stab: Confused          |       |     1 |       |       ||     1
       Sleeping          |       |       |     2 |     5 ||     7
       Held in net/web   |       |       |     4 |       ||     4
       Invisible         |       |       |     7 |       ||     7
       Distracted        |       |       |       |     1 ||     1
  Eat: Corpse            |     8 |     7 |    20 |    22 ||    57
